 Dungeon Crawl Stone Soup version 0.26.1-2-gb8aa6d0cf2 (webtiles) character file.

Game seed: 16176412204814110858

80 sking99 the Chopper (level 4, -1/34 HPs)
             Began as a Demonspawn Gladiator on Feb 21, 2021.
             Was an Initiate of Nemelex Xobeh.
             Slain by an orc
             ... wielding a +0 hand axe
              (5 damage)
             ... on level 2 of the Dungeon.
             The game lasted 00:05:39 (2957 turns).

sking99 the Chopper (Demonspawn Gladiator)          Turns: 2957, Time: 00:05:40

Health: -1/34      AC:  3    Str: 16    XL:     4   Next: 18%
Magic:  4/4        EV: 12    Int:  9    God:    Nemelex Xobeh [......]
Gold:   254        SH:  3    Dex: 14    Spells: 3/3 levels left

rFire    + . .     SeeInvis .   a - +0 war axe
rCold    . . .     Faith    .   l - +0 buckler
rNeg     . . .     Spirit   .   b - +0 leather armour
rPois    .         Reflect  .   (helmet restricted)
rElec    .         Harm     .   (no cloak)
rCorr    .         Rampage  .   (no gloves)
Will     .....                  (no boots)
Stlth    +.........             (no amulet)
HPRegen  0.11/turn              (no ring)
MPRegen  0.09/turn              (no ring)

@: no status effects
A: antennae 1, fire resistance 1
a: Renounce Religion, Draw Escape, Draw Destruction, Draw Summoning


You were on level 2 of the Dungeon.
You worshipped Nemelex Xobeh.
Nemelex Xobeh was noncommittal.
You visited 1 branch of the dungeon, and saw 3 of its levels.

You collected 254 gold pieces.

Inventory:

Hand Weapons
 a - a +0 war axe (weapon)
Missiles
 d - 3 throwing nets (quivered)
Armour
 b - a +0 leather armour (worn)
 l - a +0 buckler (worn)
Scrolls
 e - a scroll of random uselessness {unknown}
 f - 6 scrolls of identify {unknown}
 g - 3 scrolls of enchant armour {unknown}
 i - a scroll of immolation {unknown}
 j - a scroll of teleportation {unknown}
 k - a scroll of amnesia {unknown}
Potions
 c - a potion of mutation {unknown}
 h - 2 potions of degeneration {unknown}


   Skills:
 + Level 2.7 Fighting
 * Level 3.8 Axes
 - Level 1.7 Throwing
 - Level 1.4 Armour
 - Level 2.6 Dodging
 + Level 0.0 Shields


You had 3 spell levels left.
You didn't know any spells.
Your spell library was empty.

Dungeon Overview and Level Annotations

Branches:
Dungeon (3/15)

Altars:
Fedhas
Kikubaaqudgha
Makhleb
Nemelex Xobeh
Xom


Innate Abilities, Weirdness & Mutations

You have a pair of small antennae on your head.
Your flesh is heat resistant. (rF+)


Message History

The orc hits you from afar with a cursed +0 trident!
You barely miss the orc.
The orc is moderately wounded.
The orc closely misses you.
The orc hits you from afar with a cursed +0 trident.
* * * LOW HITPOINT WARNING * * *
The orc hits you but does no damage.
You open the door. The orc closely misses you.
There is an open door here.
There is a stone staircase leading up here.
The orc hits you from afar with a cursed +0 trident!
* * * LOW HITPOINT WARNING * * *
You climb upwards.
Found a dagger and 23 gold pieces.
There is a stone staircase leading down here.
Your shield prevents you from hitting the orc.
The orc is lightly wounded.
The orc hits you with a +0 hand axe.
You die...
Your body disappears without a glow.

#.#.#
#.#.#
#...#
#...#
#...#
#...#
#..)# #@#
#..o..$..#
##++####.#


You could see an orc.

Vanquished Creatures
  A hound zombie (D:2)
  2 adders
  3 worms
  A dart slug (D:1)
  A leopard gecko (D:2)
  2 orcs (D:3)
  3 giant cockroaches
  3 goblins
  4 hobgoblins (D:1)
  3 kobolds
  3 bats
  3 frilled lizards (D:2)
  8 rats
37 creatures vanquished.

Notes
Turn   | Place    | Note
-------+----------+-------------------------------------------
     0 | D:1      | sking99 the Demonspawn Gladiator began the quest for the
                  | Orb.
     0 | D:1      | Reached XP level 1. HP: 16/16 MP: 1/1
   226 | D:1      | Reached skill level 3 in Axes
   226 | D:1      | Gained mutation: You have a pair of small antennae on your
                  | head. [demonic ancestry]
   226 | D:1      | Reached XP level 2. HP: 13/22 MP: 2/2
  1185 | D:1      | Reached skill level 1 in Armour
  1336 | D:2      | Reached XP level 3. HP: 24/28 MP: 3/3
  1814 | D:2      | Found a blossoming altar of Fedhas.
  1859 | D:2      | Found a shimmering altar of Xom.
  1863 | D:2      | Found an ancient bone altar of Kikubaaqudgha.
  1864 | D:2      | Found a sparkling altar of Nemelex Xobeh.
  1864 | D:2      | Found a burning altar of Makhleb.
  1878 | D:2      | Became a worshipper of Nemelex Xobeh the Trickster
  2306 | D:2      | You fall into a shaft and drop 1 floor!
  2417 | D:3      | Gained mutation: Your flesh is heat resistant. (rF+)
                  | [demonic ancestry]
  2417 | D:3      | Reached XP level 4. HP: 34/34 MP: 4/4
  2957 | D:2      | Slain by an orc

Illustrated notes

Levels and vault maps discovered:
D:1:      minmay_arrival_stone_box, layout_loops_ring
D:2:      layout_basic, lemuel_doored_altar, ashenzari_altar_1,
          grunt_temple_overflow_open, kennysheep_generic_room_7
D:3:      layout_loops_corners, corexii_corridor_pit, uniq_crazy_yiuf_cottage

Skill      XL: |  1  2 |
---------------+-------+-----
Axes           | 3 |  3.8
Armour         | 1 |  1.4
Fighting       | |  2.7
Throwing       | |  1.7
Dodging        | |  2.6

Action                   |  1- 3 |  4- 6 || total
-------------------------+-------+-------++-------
Melee: War axe           |    90 |    23 ||   113
Armor: Leather armour    |    18 |     5 ||    23
Dodge: Dodged            |    48 |    20 ||    68
Block: Buckler           |       |     3 ||     3
